Cogmind - Beta 12 @@@ ROGUE MODE // 2024.01.14 @ 18:56:00 Player: morimori Result: Destroyed by D-53 Grenadier with Mini Grenade Launcher Performance ------------- Evolutions (0) 0 Regions Visited (2) 400 Robots Destroyed (28) 140 Value Destroyed (356) 356 Prototype IDs (3) 60 Alien Tech Used (0) 0 Bonus (-137) -137 TOTAL SCORE: 819 Bonus ------- Friendly Fire -137 Cogmind --------- Core Integrity 0/250 Matter 297/300 Energy 265/265 System Corruption 0% Temperature Cool (3) Movement Core (850) Ox16 Location -10/Mines Parts ------- > --- POWER (1) -------- Improved Ion Engine > --- PROPULSION (2) --- Aluminum Leg > --- UTILITY (2) ------ High-capacity Storage Unit > --- WEAPON (2) ------- Assault Rifle > --- INVENTORY (20) --- Ion Engine Light Ion Engine Light Ion Engine Aluminum Leg Aluminum Leg Aluminum Leg Heat Sink Heat Sink Small Storage Unit Improved Terrain Scanner Improved Terrain Scanner Light Armor Plating Medium Laser Small Laser Light Assault Rifle Mace Peak State ------------ > --- POWER ------------ Improved Ion Engine > --- PROPULSION ------- Wheel Compact Wheel > --- UTILITY ---------- High-capacity Storage Unit Light Armor Plating > --- WEAPON ----------- Small Laser Beam Rifle > --- INVENTORY -------- Ion Engine Light Ion Engine Aluminum Leg Aluminum Leg Aluminum Leg Aluminum Leg Wheel Wheel Heat Sink Heat Sink Small Storage Unit Improved Terrain Scanner Improved Terrain Scanner Light Armor Plating Medium Laser Small Laser Assault Rifle Light Assault Rifle Grenade Launcher Mace [Rating: 11] Favorites ----------- Power Light Ion Engine Engine Light Ion Engine Propulsion Wheel Leg Aluminum Leg Wheel Wheel Utility High-capacity Storage Unit Device Seismic Detector Storage High-capacity Storage Unit Protection Light Armor Plating Weapon Small Laser Energy Gun Small Laser Ballistic Gun Assault Rifle Launcher Grenade Launcher Build | -11 -10 -10 ------- Run | Jun Mat Min Slots Evolved . | . . . Power . | . . . Propulsion . | . . . Utility . | . . . Weapon . | . . . Parts Attached 24 | 7 8 9 Power 2 | 1 . 1 Engine 2 | 1 . 1 Core . | . . . Reactor . | . . . Propulsion 11 | 2 5 4 Treads . | . . . Leg 2 | . . 2 Wheel 9 | 2 5 2 Hover . | . . . Flight . | . . . Utility 4 | 2 2 . Device 1 | 1 . . Storage 2 | 1 1 . Processor . | . . . Hackware . | . . . Protection 1 | . 1 . Artifact . | . . . Weapon 7 | 2 1 4 Energy Gun 5 | 2 1 2 Energy Cannon . | . . . Ballistic Gun 1 | . . 1 Ballistic Cannon . | . . . Launcher 1 | . . 1 Special Weapon . | . . . Impact Weapon . | . . . Slashing Weapon . | . . . Piercing Weapon . | . . . Special Melee Weapon . | . . . Unidentified Prototypes . | . . . Parts Lost 10 | . 2 8 Power . | . . . Propulsion 5 | . 1 4 Utility 2 | . 1 1 Weapon 3 | . . 3 Highest Loss Streak 4 | . 1 4 To Critical Strikes . | . . . Average Slot Usage (%) 92 | . 97 84 Engine 14 | . 14 14 Leg 2 | . . 7 Wheel 24 | . 27 19 Device 5 | . 8 . Storage 14 | . 14 14 Protection 3 | . 3 3 Energy Gun 26 | . 28 23 Naked Turns . | . . . Heaviest Build 56 | 11 48 56 Greatest Support 26 | 20 26 26 Greatest Overweight (x) 5 | 1 4 5 Average Overweight (x) 2 | . 1 3 Largest Inventory Capacity 20 | 8 20 20 Average Capacity 18 | 7 19 20 Most Carried 20 | 8 20 20 Average Carried 16 | 4 18 17 Final Capacity 20 | 8 20 20 Final Carried 20 | 8 20 16 Class Distribution -------------------- 100% | Mutant Dominant Class ---------------- Mutant | -10/Materials Mutant | -10/Mines Resources | -11 -10 -10 ----------- Run | Jun Mat Min Matter Collected 495 | 270 70 155 Remotely . | . . . Salvage Created 870 | 229 431 210 Parts 58 | 22 18 18 Haulers Intercepted . | . . . Recyclers Shooed 1 | 1 . . Parts Field Recycled . | . . . Retrieved Matter . | . . . Parts Self-Destructed . | . . . Prevented . | . . . Kills | -11 -10 -10 ------- Run | Jun Mat Min Combat Hostiles Destroyed 26 | . 11 15 Guns 14 | . 11 3 AOE 12 | . . 12 Classes Destroyed 9 | 3 3 3 Worker 2 | 2 . . Builder 1 | . . 1 Tunneler 6 | 5 . 1 Recycler 3 | 1 1 1 Watcher 1 | . 1 . Swarmer 9 | . 6 3 Grunt 5 | . 5 . Assembled 12 | . . 12 Guerrilla 1 | . . 1 Best Kill Streak 12 | 5 3 12 Combat Bots Only 12 | . 3 12 Max Kills in Single Turn 3 | 2 1 3 Gunslinging . | . . . Exploded 3 | . . 3 Melee . | . . . Uniques/NPCs Destroyed . | . . . Combat | -11 -10 -10 -------- Run | Jun Mat Min Damage Taken 983 | . 292 691 Core 259 | . 71 188 Absorbed by Shields . | . . . Core Remaining (%) 100 | 100 . . Volleys Fired 92 | 18 44 30 Largest 2 | 2 2 2 Hottest 96 | 80 80 96 Shots Fired 171 | 36 88 47 Gun 161 | 36 88 37 Cannon . | . . . Launcher 10 | . . 10 Special . | . . . Kinetic 1 | . . 1 Thermal 160 | 36 88 36 Explosive 10 | . . 10 Electromagnetic . | . . . Robot Hit Streak 14 | 14 13 7 Robot Miss Streak 4 | 3 3 4 Penetration Max . | . . . Secondary Targets 1 | . . 1 Max Gunslinging Chain 1 | . . 1 Shots Hit Robots 99 | 22 50 27 Core Hits 72 | 9 22 41 Critical Kills . | . . . Critical Parts Destroyed . | . . . Critical Strikes 1 | . . 1 Burn 1 | . . 1 Melee Attacks . | . . . Impact . | . . . Slashing . | . . . Piercing . | . . . Sneak Attacks . | . . . Combat Hostiles . | . . . Follow-up Attacks . | . . . Damage Inflicted 1913 | 251 562 1100 Guns 1113 | 251 562 300 Cannons . | . . . Explosions 800 | . . 800 Melee . | . . . Ramming . | . . . Kinetic . | . . . Thermal 1113 | 251 562 300 Explosive 800 | . . 800 Electromagnetic . | . . . Impact . | . . . Slashing . | . . . Piercing . | . . . Highest Corruption . | . . . Average Corruption . | . . . Corruption Purged . | . . . Corruption Blocked . | . . . Overload Shots . | . . . Overflow Damage . | . . . Projectiles . | . . . Explosions . | . . . Melee . | . . . Knockbacks . | . . . Impact . | . . . Kinetic . | . . . Secondary . | . . . Self-Inflicted Damage 36 | . . 36 Shots 1 | . . 1 Rammed . | . . . Targets Rammed . | . . . Kicked . | . . . Crushed . | . . . Highest Temperature 263 | 90 198 263 Average Temperature 63 | 28 51 98 Received Heat Transfer 320 | . 120 200 Siege Activations . | . . . Robots Corrupted . | . . . Combat Hostiles . | . . . Parts Fried . | . . . Impact Corruptions . | . . . Robots Melted . | . . . Combat Hostiles . | . . . Parts Melted 3 | 2 1 . Heat Transferred 2655 | 575 1275 805 Parts Sabotaged . | . . . Parts Stolen . | . . . Parts Stripped . | . . . Power Chain Reactions . | . . . Missiles Intercepted . | . . . Alert | -11 -10 -10 ------- Run | Jun Mat Min Peak Influence 235 | 40 235 173 Initial 91 | . 26 91 Average 103 | 21 122 103 Maximum Alert Level 1 | . 1 . Low Security (%) 92 | 100 86 100 Level 1 7 | . 13 . Level 2 . | . . . Level 3 . | . . . Level 4 . | . . . Level 5 . | . . . High Security . | . . . Max Security . | . . . Squads Dispatched 4 | . 4 . Investigation 3 | . 3 . Extermination . | . . . Reinforcement 1 | . 1 . Assault . | . . . Garrison . | . . . Intercept . | . . . Searches Triggered . | . . . Construction Impeded . | . . . Haulers Reinforced . | . . . Active Scanning Responses . | . . . Cargo Convoy Interrupts . | . . . Stealth | -11 -10 -10 --------- Run | Jun Mat Min Distress Signals . | . . . Communications Jammed . | . . . Distress Signals . | . . . Times Spotted 45 | . 20 25 Peak Tracking Total 15 | . 5 15 Tactical Retreats 2 | . 1 1 Traps | -11 -10 -10 ------- Run | Jun Mat Min Traps Triggered 2 | . 2 . Indirectly . | . . . Trap Hack Attempts . | . . . Triggered . | . . . Disarmed . | . . . Reprogrammed . | . . . Reused . | . . . Traps Extracted . | . . . Installed . | . . . Triggered . | . . . Machines | -11 -10 -10 ---------- Run | Jun Mat Min Machines Disabled . | . . . Max in Single Turn . | . . . Machines Repaired . | . . . Machines Sabotaged . | . . . Overloaded Fab Kills . | . . . Hacking | -11 -10 -10 --------- Run | Jun Mat Min Machines Accessed 8 | . 8 . Terminals 5 | . 5 . Fabricators . | . . . Repair Stations 1 | . 1 . Recycling Units 2 | . 2 . Scanalyzers . | . . . Garrison Access . | . . . Total Hacks 20 | . 20 . Successful 8 | . 8 . Failed 12 | . 12 . Catastrophic . | . . . Database Lockouts . | . . . Manual 5 | . 5 . Terminals 15 | . 15 . Fabricators . | . . . Repair Stations 2 | . 2 . Recycling Units 3 | . 3 . Scanalyzers . | . . . Garrison Access . | . . . Terminal Hacks 4 | . 4 . Robot Analysis 1 | . 1 . Prototype ID Bank 2 | . 2 . Recall Investigation 1 | . 1 . Fabricator Hacks . | . . . Repair Station Hacks 1 | . 1 . Scan Component 1 | . 1 . Recycling Unit Hacks 2 | . 2 . Retrieve Components 2 | . 2 . Scanalyzer . | . . . Garrison Access Hacks . | . . . Unauthorized Hacks 1 | . 1 . Terminals 1 | . 1 . Botnet 1 | . 1 . Fabricators . | . . . Repair Stations . | . . . Recycling Units . | . . . Scanalyzers . | . . . Garrison Access . | . . . Data Cores Recovered . | . . . Used . | . . . Hacking Detections 6 | . 6 . Full Trace Events 2 | . 2 . Feedback Events . | . . . Feedback Blocked . | . . . Robot Schematics Acquired . | . . . Robots Built . | . . . Authchips . | . . . Time . | . . . Total Robot Build Rating . | . . . Part Schematics Acquired . | . . . Parts Built . | . . . Authchips . | . . . Time . | . . . Total Part Build Rating . | . . . Parts Repaired . | . . . Time . | . . . Parts Recycled . | . . . Recycled Matter . | . . . Retrieved Matter . | . . . Retrieved Components 4 | . 4 . Parts Scanalyzed . | . . . Part Schematics Acquired . | . . . Parts Damaged . | . . . Bothacking | -11 -10 -10 ------------ Run | Jun Mat Min Used RIF Installer . | . . . Robots Hacked . | . . . Non-combat . | . . . Combat . | . . . Robot Hacks Applied . | . . . Relay Couplers Released . | . . . Fabnet Peak Effective % . | . . . Robots Rewired . | . . . Allies Hacked . | . . . Hacks Repelled . | . . . Allies | -11 -10 -10 -------- Run | Jun Mat Min Total Allies . | . . . Largest Group . | . . . Highest-Rated Group . | . . . Highest-Rated Ally . | . . . Total Orders . | . . . Ally Attacks . | . . . Total Damage . | . . . Kills . | . . . Allies Corrupted . | . . . Allies Melted . | . . . Intel | -11 -10 -10 ------- Run | Jun Mat Min Robot Analysis Total 1 | . 1 . Derelict Logs Recovered 1 | . . 1 Drone Launches . | . . . Drone Recoveries . | . . . Exploration | -11 -10 -10 ------------- Run | Jun Mat Min Turns Passed 1421 | 182 770 469 Spaces Moved 907 | 131 516 260 Core 4 | 4 . . Treads . | . . . Legs . | . . . Wheels 903 | 127 516 260 Hover . | . . . Flight . | . . . Fastest Speed 50 | 50 80 105 Average Speed 113 | 79 108 141 Slowest Speed 155 | 100 140 155 Overloaded Moves . | . . . Propulsion Burnouts . | . . . Robots Hopped . | . . . Cave-ins Triggered . | . . . Exploration Rate (%) 48 | 4 84 57 Regions Visited 2 Branch Regions 1 Pre-discovered Areas 1 | . . 1 Known Exits Taken . | . . . Unknown Exits Taken 2 | 1 1 . Scrap Searched 1 | . . 1 Spaces Dug . | . . . Terrain Destroyed 26 | . . 26 Melee . | . . . Projectile . | . . . AOE 26 | . . 26 Terrain Rammed . | . . . Walls Destroyed . | . . . Machines Disabled . | . . . Actions | -11 -10 -10 --------- Run | Jun Mat Min Total 1122 | 169 638 315 Wait 64 | 4 51 9 Move 905 | 130 515 260 Hop . | . . . Pick Up 27 | 9 15 3 Fast Attach 11 | 7 4 . Attach 6 | . 1 5 Detach . | . . . Swap 7 | . 3 4 Drop 10 | 1 5 4 Fire 92 | 18 44 30 Melee . | . . . Ram . | . . . Kick . | . . . Crush . | . . . Escape Stasis . | . . . Rewire . | . . . Trap . | . . . Miscellaneous . | . . . Route ------- -11/Junkyard -10/Materials (discovered 3 exits: [*Mat x2] / [*Min]) -10/Mines History --------- Turn | Location | Event 17 | -11/Junkyard | Discovered new exit (range 16) 183 | -11/Junkyard | Entered Materials 286 | -10/Materials | Discovered new exit (range 15) 300 | -10/Materials | Build established: Mutant 555 | -10/Materials | Discovered new exit (range 5) 741 | -10/Materials | Discovered new exit (range 15) 953 | -10/Materials | Entered Mines 959 | -10/Mines | Joined a pair of Derelicts in attacking an 0b10 outpost 1027 | -10/Mines | Assembled infested the area 1032 | -10/Mines | Assisted by a Guerilla fighting off Assembled 1044 | -10/Mines | Core integrity fell below 50% 1080 | -10/Mines | Destroyed 12 combat bots 1100 | -10/Mines | Lost 4 parts (2n1u1w) 1183 | -10/Mines | Learned location of Zion (-7) 1420 | -10/Mines | Core integrity fell below 20% 1422 | -10/Mines | Destroyed by D-53 Grenadier with Mini Grenade Launcher Last Messages --------------- 01183_ Acquired derelict log, extracted data. World map updated: -7/Zion. 01186_ Wheel destroyed. 01189_ S-10 Pest destroyed. 01192_ Switching to secondary target: S-10 Pest. 01195_ S-10 Pest destroyed. 01197_ K-01 Serf collects debris. 01198_ Acquired 11 matter. 01200_ Acquired 17 matter. 01201_ K-01 Serf collects debris. 01203_ Acquired Lgt. Ion Engine. 01206_ K-01 Serf collects debris. 01305_ R-06 Scavenger destroyed. 01310_ T-07 Excavator destroyed. 01319_ Acquired 12 matter. 01322_ U-05 Engineer destroyed. 01372_ K-01 Serf collects debris. 01417_ Beam Rifle destroyed. 01420_ Wheel destroyed. 01421_ Sml. Laser destroyed. Map ----- +----------------------------------------------------+ | | | | | ?????????????????????????????????????? | | ?????????????????????????????????????? | | ?????????????????????????????????????? | | ?????????????????????????????????????? | | ?????????????????????????????????????? | | ?????????????????????????????????????? | | ?????????????????????????????????????? | | ?????????????????????????????????????? | | ?????????????????????????????????????? | | ?????????????????????????????????????? | | ?????????????????????????????????????? | | ?????????????????????????????????????? | | ?????????????????????????????????????? | | ?????????????????????????????????????? | | ????????????????????????????????#????? | | ??? ###?????????????????????? #????? | | ?? #???????????????????? ##???? | | ?? #??????????????????# #???? | | ??"" ##?????????#######d ##??? | | """ ##???????## # d ##?? | | """ #??????## #?? | | #??????# #?? | | ? ##??#### #??? | | ??? #### @ #???? | | ?????# ## #????? | | ??????# [ #????? | | ?????## %= # # #??? | | ??? ?# =[== #### ##? #?? | | ## ??# = ###??#######???? #?? | | ???## ######?????????????????#?? | | ?????## ##????????????????????????? | | ???????# #?????????????????????????? | | ???????## #?????????????????????????? | | #???????# #?????????????????????????? | | ###?????# #######???????????????????? | | #####?# ! #???????????????????? | | ### #####]##??????????????????? | | #??##!!##?????????????????? | | ### #?## ##????????????????? | | ##?## #####?# #????????????????? | | #???####?????# #????????????????? | | #????????????# ##????????????????? | | #????????????## ##?????????????????? | | #?####???????## ##?????????????????? | | ## ##???#### ###?????????????????? | | #??## ! ##??????????????????? | | #??# *%[ #??????????????????? | | ## ##??# [! #??????????????????? | +----------------------------------------------------+ Best States ------------- Heat Dissipation 25 Energy Generation 12 Energy Capacity 265 Matter Stores 300 Matter Capacity 300 Sight Range 16 Terrain Scan Density 10 Armor Coverage 150 Evasion (%) 44 Item Schematics ----------------- None Robot Schematics ------------------ None Fabricated ------------ Nothing Alien Tech Used ----------------- None Achievements -------------- None Challenges ------------ None Game ------ Seed OmegaDataCannon Manual? 0 Play Time 00:13:55 Cumulative 125.1 hours Start 2024.01.14 @ 18:43:50 End 2024.01.14 @ 18:56:00 Sessions 1 Manual Loads 0 Difficulty Rogue Special Mode None Game No. 80 Rogue 80 Adventurer 0 Explorer 0 Win Type - Total 1 Types 1/0/0/0/0/0/0/0/0 Lore% 44 Gallery% 46 Achievement% 40 Wizard Run 0 Options --------- ASCII 0 Keyboard 1 Movement Vi Keybinds 0 Fullscreen 2 Font 18/SmallcapsGlow Map View 76x50 Tactical HUD 1 Map Filters NONE Filters NONE Steam 1 RUN: eb2c714c-50a9-4ae2-9ac3-428954275c87